 Dungeon Crawl Stone Soup version 0.29.0-11-gd7f09526c8 (webtiles) character file.

Game seed: 10568726328244891261

76 pacmanke6689 the Slasher (level 4, -1/37 HPs)
             Began as a Draconian Gladiator on Sept 3, 2022.
             Slain by a worm (9 damage)
             ... on level 3 of the Dungeon.
             The game lasted 00:05:47 (2231 turns).

pacmanke6689 the Slasher (Draconian Gladiator)      Turns: 2231, Time: 00:05:48

Health: -1/37      AC:  6    Str: 18    XL:     4   Next: 12%
Magic:  4/4        EV: 12    Int:  9    God:
Gold:   26         SH:  0    Dex: 12    Spells: 3/3 levels left

rFire   . . .      SeeInvis .   a - +1 long sword
rCold   . . .      Faith    .   (no shield)
rNeg    . . .      Spirit   .   (body armour unavailable)
rPois   .          Reflect  .   b - +1 hat
rElec   .          Harm     .   (no cloak)
rCorr   .          Rampage  .   (no gloves)
Will    .....                   (no boots)
Stlth   +.........              (no amulet)
HPRegen 0.12/turn               (no ring)
MPRegen 0.09/turn               (no ring)

@: no status effects
A: AC +5, unfitting armour, cold-blooded
a: no special abilities


You were on level 3 of the Dungeon.
You visited 1 branch of the dungeon, and saw 3 of its levels.

You collected 26 gold pieces.

Inventory:

Hand Weapons
 a - a +1 long sword (weapon)
Missiles
 c - 3 throwing nets (quivered)
 d - a javelin
Armour
 b - a +1 hat (worn)
Scrolls
 g - 2 scrolls of silence
 l - a scroll of vulnerability {unknown}
Potions
 f - a potion of resistance {unknown}
 h - a potion of heal wounds {unknown}
 i - a potion of degeneration {unknown}
 j - a potion of haste {unknown}


   Skills:
 + Level 2.6 Fighting
 + Level 4.3 Long Blades
 + Level 1.8 Throwing
 + Level 3.1 Dodging
 + Level 0.6 Stealth


You had 3 spell levels left.
You didn't know any spells.
Your spell library was empty.

Dungeon Overview and Level Annotations

Branches:
Dungeon (3/15)

Altars:

Annotations:
D:3 Jessica


Innate Abilities, Weirdness & Mutations

Your plain brown scales are hard. (AC +5)
You cannot fit into any form of body armour.
You are cold-blooded and may be slowed by cold attacks.


Message History

The adder is heavily wounded.
You feel sick. The adder misses you. The hobgoblin hits you.
* * * LOW HITPOINT WARNING * * *
You miss the adder.
You tail-slap the adder, but do no damage.
The adder is heavily wounded.
You feel sick.
You are no longer poisoned.
The adder barely misses you. The hobgoblin misses you.
The adder bites you but does no damage.
You barely miss the hobgoblin. You tail-slap the hobgoblin.
You punch the hobgoblin.
The hobgoblin is almost dead.
The hobgoblin hits you but does no damage.
The adder bites you but does no damage. The hobgoblin closely misses you.
You closely miss the hobgoblin.
Your tail-slap misses the hobgoblin.
The hobgoblin is almost dead.
The adder closely misses you. x2; The hobgoblin barely misses you.
You hit the hobgoblin.
You kill the hobgoblin!
The adder closely misses you. The adder bites you but does no damage.
You barely miss the adder.
The adder is heavily wounded.
The adder bites you.
* * * LOW HITPOINT WARNING * * *
You hit the adder.
You kill the adder!
The worm closely misses you.
You have reached level 4!
You feel clever.
You barely miss the worm. You punch the worm.
The worm is lightly wounded.
The worm bites you but does no damage.
You hit the worm.
The worm is lightly wounded.
You slash the worm!
You tail-slap the worm, but do no damage.
The worm is severely wounded.
The worm bites you!
You die...

#..........#...
#...
#............
......
#..........# #
......
#..........#.#
#.....
#.#....$.#
##....
#..)#.##...
.....
#......####
#.w.#......
#..@.......
#...##.....
......# ###..
....$..## .
..#.#.. ....#..
/.. ##. .> #.


You could see a worm.

Vanquished Creatures
  2 adders
  2 worms (D:2)
  A dart slug (D:1)
  7 ball pythons
  5 bats
  3 endoplasms
  A giant cockroach (D:1)
  7 goblins
  4 hobgoblins
  3 jackals (D:2)
  3 frilled lizards
  5 kobolds
  3 rats (D:1)
46 creatures vanquished.

Notes
Turn   | Place    | Note
-------+----------+-------------------------------------------
     0 | D:1      | pacmanke6689 the Draconian Gladiator began the quest for
                  | the Orb.
     0 | D:1      | Reached XP level 1. HP: 17/17 MP: 1/1
   488 | D:1      | Reached XP level 2. HP: 23/24 MP: 2/2
  1197 | D:2      | Reached XP level 3. HP: 28/30 MP: 3/3
  1476 | D:2      | Reached skill level 4 in Long Blades
  2194 | D:3      | Noticed Jessica
  2229 | D:3      | Reached XP level 4. HP: 7/37 MP: 4/4
  2231 | D:3      | Slain by a worm

Illustrated notes

Levels and vault maps discovered:
D:1:      lemuel_arrival_rhombus, layout_basic
D:2:      layout_loops_ring
D:3:      layout_rooms, ebering_ghost_disaster_area, uniq_jessica

Skill      XL: |  1  2  3 |
---------------+----------+-----
Dodging        | 3 |  3.1
Long Blades    | 4 |  4.3
Fighting       | |  2.6
Throwing       | |  1.8
Stealth        | |  0.6

Action                   |  1- 3 |  4- 6 || total
-------------------------+-------+-------++-------
Melee: Long sword        |   117 |     3 ||   120
       Tailslap          |    13 |     1 ||    14
       Punch             |     1 |     1 ||     2
  Use: Scroll            |     6 |       ||     6
       Potion            |     1 |       ||     1
 Stab: Sleeping          |     1 |       ||     1
Armor: Skin              |    52 |     1 ||    53
Dodge: Dodged            |   122 |       ||   122
